| TOP OF THE 1ST |
|
Auburn Doubledays batting - Pitching for Hillsboro Hops : RHP Addick Huiberts
|
|
Pitching: RHP Addick Huiberts
|
|
|
Batting: RHB Bobby Bricker
|
0-0: Called Strike 0-1: Ball 1-1: Called Strike 1-2: Foul Ball, location: 2F 1-2: Foul Ball, location: 2F 1-2: Ball 2-2: Foul Ball, location: 2F 2-2: Strikes out swinging
|
|
Batting: SHB Gabe Fraunfelder
|
0-0: Fly out, F8 (Flyball, 8LD, EV 88.1 MPH)
|
|
Batting: LHB Erik Beezley
|
0-0: Ball 1-0: Ball 2-0: Ball 3-0: Called Strike 3-1: Base on Balls
|
|
Batting: RHB Justin Slifka
|
0-0: Ball 1-0: Ball 2-0: Foul Ball, location: 2F 2-1: Foul Ball, location: 2F 2-2: Fly out, F9 (Flyball, 89M, EV 86.9 MPH)
|
| Top of the 1st over - 0 runs, 0 hits, 0 errors, 1 left on base; Auburn 0 - Hillsboro 0 |
| BOTTOM OF THE 1ST |
|
Hillsboro Hops batting - Pitching for Auburn Doubledays : RHP Josh Wellman
|
|
Pitching: RHP Josh Wellman
|
|
|
Batting: RHB Brandon Joshua
|
0-0: Ball 1-0: Ball 2-0: Called Strike 2-1: Ball 3-1: Base on Balls
|
|
Batting: LHB Soo-yeon Kym
|
0-0: Ball Brandon Joshua steals 2nd base 1-0: 2-RUN HOME RUN (Flyball, 9LD, EV 98.1 MPH), Distance : 356 ft
|
|
Batting: RHB Wen-hua Lei
|
0-0: Swinging Strike 0-1: Foul Ball, location: 2F 0-2: Ground out 3-1 (Groundball, 34S, EV 80.6 MPH)
|
|
Batting: RHB Ian Sousa
|
0-0: Ball 1-0: Ball 2-0: Ground out 4-3 (Groundball, 4, EV 78.1 MPH)
|
|
Batting: RHB Josh Burrows
|
0-0: Ball 1-0: Ball 2-0: Ball 3-0: Called Strike 3-1: Base on Balls
|
|
Batting: RHB Jeremy Adams
|
0-0: Foul Ball, location: 2F 0-1: Swinging Strike 0-2: Strikes out swinging
|
| Bottom of the 1st over - 2 runs, 1 hit, 0 errors, 1 left on base; Auburn 0 - Hillsboro 2 |
| TOP OF THE 2ND |
|
Auburn Doubledays batting - Pitching for Hillsboro Hops : RHP Addick Huiberts
|
|
Batting: RHB Gabe Almazan
|
0-0: Called Strike 0-1: Swinging Strike 0-2: Ball 1-2: Strikes out swinging, 2-3 out at first.
|
|
Batting: SHB Curtis DeLille
|
0-0: Called Strike 0-1: SINGLE (Groundball, 4MD, EV 105.6 MPH)
|
|
Batting: RHB Tony Madrigal
|
0-0: Ball 1-0: Called Strike 1-1: Swinging Strike 1-2: Ball 2-2: Strikes out swinging
|
|
Batting: RHB Scott Skoglund
|
0-0: Called Strike 0-1: Foul Ball, location: 2F 0-2: Foul Ball, location: 2F 0-2: Strikes out swinging
|
| Top of the 2nd over - 0 runs, 1 hit, 0 errors, 1 left on base; Auburn 0 - Hillsboro 2 |
| BOTTOM OF THE 2ND |
|
Hillsboro Hops batting - Pitching for Auburn Doubledays : RHP Josh Wellman
|
|
Batting: RHB Antonio Luisa
|
0-0: SINGLE (Groundball, P, EV 88.8 MPH) (infield hit)
|
|
Batting: LHB Ivan Cortez
|
0-0: Ball 1-0: 2-RUN HOME RUN (Flyball, 9LD, EV 96.2 MPH), Distance : 359 ft
|
|
Batting: RHB Trevor Corey
|
0-0: Ball 1-0: Foul Ball, location: 2F 1-1: Ball 2-1: Ball 3-1: Called Strike 3-2: Base on Balls
|
|
Batting: RHB Brandon Joshua
|
0-0: Ball Wild Pitch! Trevor Corey to second 1-0: Ball 2-0: Fly out, F6 (Line Drive, 6, EV 68.8 MPH)
|
|
Batting: LHB Soo-yeon Kym
|
0-0: Ball 1-0: Foul Ball, location: 2F 1-1: Ball 2-1: Swinging Strike 2-2: Strikes out swinging
|
|
Batting: RHB Wen-hua Lei
|
0-0: Ball 1-0: Hit by Pitch
|
|
Batting: RHB Ian Sousa
|
0-0: Fly out, F8 (Flyball, 8LM, EV 89.4 MPH)
|
| Bottom of the 2nd over - 2 runs, 2 hits, 0 errors, 2 left on base; Auburn 0 - Hillsboro 4 |
| TOP OF THE 3RD |
|
Auburn Doubledays batting - Pitching for Hillsboro Hops : RHP Addick Huiberts
|
|
Batting: LHB Adam Jacobs
|
0-0: Called Strike 0-1: Swinging Strike 0-2: Ball 1-2: Foul Ball, location: 2F 1-2: Ground out 6-3 (Groundball, 6, EV 77.5 MPH)
|
|
Batting: RHB Bobby Bricker
|
0-0: SINGLE (Line Drive, 78S, EV 87.5 MPH)
|
|
Batting: SHB Gabe Fraunfelder
|
0-0: Called Strike 0-1: Swinging Strike 0-2: Ball 1-2: Ball Bobby Bricker steals 2nd base 2-2: Foul Ball, location: 2F 2-2: Ball 3-2: Base on Balls
|
|
Batting: LHB Erik Beezley
|
0-0: Called Strike 0-1: 3-RUN HOME RUN (Flyball, 89XD, EV 116.2 MPH), Distance : 447 ft
|
|
Batting: RHB Justin Slifka
|
0-0: Called Strike 0-1: Swinging Strike 0-2: SINGLE (Groundball, 4MD, EV 101.2 MPH)
|
|
Batting: RHB Gabe Almazan
|
0-0: Ball 1-0: Foul Ball, location: 2F 1-1: Swinging Strike 1-2: SINGLE (Line Drive, 8LS, EV 101.9 MPH) Justin Slifka to second Throwing error, E8 Justin Slifka scores Gabe Almazan to second
|
|
Batting: SHB Curtis DeLille
|
0-0: Foul Ball, location: 2F 0-1: Ball 1-1: Swinging Strike 1-2: Ball 2-2: Ball 3-2: Base on Balls
|
|
Batting: RHB Tony Madrigal
|
0-0: Called Strike 0-1: Foul Ball, location: 2F 0-2: Strikes out swinging
|
|
Batting: RHB Scott Skoglund
|
0-0: Ball 1-0: Foul Ball, location: 2F 1-1: Foul Ball, location: 2F 1-2: Ball 2-2: Ball 3-2: Base on Balls Gabe Almazan to third Curtis DeLille to second
|
|
Batting: LHB Adam Jacobs
|
0-0: Ball 1-0: Ball 2-0: Foul Ball, location: 2F 2-1: Foul Ball, location: 2F 2-2: Ball 3-2: Ground out 3-1 (Groundball, 34S, EV 90.6 MPH)
|
| Top of the 3rd over - 4 runs, 4 hits, 1 error, 3 left on base; Auburn 4 - Hillsboro 4 |
| BOTTOM OF THE 3RD |
|
Hillsboro Hops batting - Pitching for Auburn Doubledays : RHP Josh Wellman
|
|
Batting: RHB Josh Burrows
|
0-0: Swinging Strike 0-1: Called Strike 0-2: Strikes out swinging
|
|
Batting: RHB Jeremy Adams
|
0-0: Ball 1-0: SINGLE (Groundball, 6MD, EV 111.2 MPH)
|
|
Batting: RHB Antonio Luisa
|
0-0: Called Strike 0-1: Ball 1-1: Swinging Strike 1-2: Foul Ball, location: 2F 1-2: Ball 2-2: Ball 3-2: Base on Balls Jeremy Adams to second
|
|
Batting: LHB Ivan Cortez
|
0-0: Called Strike 0-1: Foul Ball, location: 2F 0-2: Strikes out swinging
|
|
Batting: RHB Trevor Corey
|
0-0: Ball Wild Pitch! Jeremy Adams to third Antonio Luisa to second 1-0: Foul Ball, location: 2F 1-1: Reached on error, E5 (Groundball, 56, EV 88.8 MPH) Jeremy Adams scores Antonio Luisa to third
|
|
Pitching: LHP Leo Gutierrez
|
|
|
Batting: RHB Brandon Joshua
|
0-0: Called Strike 0-1: Foul Ball, location: 2F 0-2: Strikes out swinging
|
| Bottom of the 3rd over - 1 run, 1 hit, 1 error, 2 left on base; Auburn 4 - Hillsboro 5 |
| TOP OF THE 4TH |
|
Auburn Doubledays batting - Pitching for Hillsboro Hops : RHP Addick Huiberts
|
|
Batting: RHB Bobby Bricker
|
0-0: Ball 1-0: Called Strike 1-1: Fly out, F9 (Flyball, 9, EV 89.4 MPH)
|
|
Batting: SHB Gabe Fraunfelder
|
0-0: Called Strike 0-1: Ball 1-1: SINGLE (Line Drive, 8RS, EV 98.8 MPH)
|
|
Batting: LHB Erik Beezley
|
0-0: Ball 1-0: Ball 2-0: Ball 3-0: Base on Balls Gabe Fraunfelder to second
|
|
Batting: RHB Justin Slifka
|
0-0: Ball 1-0: Foul Ball, location: 2F 1-1: Swinging Strike 1-2: Foul Ball, location: 2F 1-2: DOUBLE (Line Drive, 9LD, EV 110.0 MPH) Gabe Fraunfelder scores Erik Beezley to third
|
|
Pitching: RHP Jake Priest
|
|
|
Batting: RHB Gabe Almazan
|
0-0: Called Strike 0-1: Ball 1-1: Ball 2-1: Ball 3-1: Base on Balls
|
|
Batting: SHB Curtis DeLille
|
0-0: DOUBLE (Groundball, 3L, EV 101.9 MPH) Erik Beezley scores Justin Slifka scores Gabe Almazan to third
|
|
Batting: RHB Tony Madrigal
|
0-0: Swinging Strike 0-1: Swinging Strike 0-2: Strikes out swinging
|
|
Batting: RHB Scott Skoglund
|
0-0: Called Strike 0-1: Ball 1-1: SINGLE (Groundball, 4MD, EV 97.5 MPH) Gabe Almazan scores Curtis DeLille to third
|
|
Batting: LHB Adam Jacobs
|
0-0: Ball 1-0: DOUBLE (Flyball, 8LXD, EV 110.0 MPH) Curtis DeLille scores Scott Skoglund to third Runner from 3rd tries for Home, SAFE, no throw by CF
|
|
Pitching: RHP Rory Bornt
|
|
|
Batting: RHB Bobby Bricker
|
0-0: Called Strike 0-1: Ball 1-1: Ball 2-1: DOUBLE (Flyball, 89D, EV 88.1 MPH) Adam Jacobs scores
|
|
Batting: SHB Gabe Fraunfelder
|
0-0: Ball 1-0: Ground out 3-1 (Groundball, 3L, EV 100.0 MPH)
|
| Top of the 4th over - 7 runs, 6 hits, 0 errors, 1 left on base; Auburn 11 - Hillsboro 5 |
| BOTTOM OF THE 4TH |
|
Hillsboro Hops batting - Pitching for Auburn Doubledays : LHP Leo Gutierrez
|
|
Batting: LHB Soo-yeon Kym
|
0-0: Ball 1-0: Called Strike 1-1: Foul Ball, location: 2F 1-2: Ball 2-2: Ball 3-2: Foul Ball, location: 2F 3-2: Fly out, F9 (Flyball, 9, EV 83.8 MPH)
|
|
Batting: RHB Wen-hua Lei
|
0-0: Swinging Strike 0-1: Foul Ball, location: 2F 0-2: Hit by Pitch
|
|
Batting: RHB Ian Sousa
|
0-0: Called Strike 0-1: Ball Wen-hua Lei steals 2nd base 1-1: Ball 2-1: Ball 3-1: Base on Balls
|
|
Batting: RHB Josh Burrows
|
0-0: Foul Ball, location: 2F 0-1: Swinging Strike 0-2: Ball 1-2: Strikes out looking
|
|
Batting: RHB Jeremy Adams
|
0-0: Called Strike 0-1: Called Strike 0-2: Ball 1-2: Foul Ball, location: 2F 1-2: Ball 2-2: Strikes out swinging
|
| Bottom of the 4th over - 0 runs, 0 hits, 0 errors, 2 left on base; Auburn 11 - Hillsboro 5 |
| TOP OF THE 5TH |
|
Auburn Doubledays batting - Pitching for Hillsboro Hops : RHP Rory Bornt
|
|
Batting: LHB Erik Beezley
|
0-0: Ball 1-0: Ball 2-0: Called Strike 2-1: Ball 3-1: Base on Balls
|
|
Batting: RHB Justin Slifka
|
0-0: Ball 1-0: Called Strike 1-1: Foul Ball, location: 2F 1-2: Strikes out swinging
|
|
Batting: RHB Gabe Almazan
|
0-0: Ball 1-0: Ball 2-0: Ball 3-0: Called Strike 3-1: TRIPLE (Flyball, 89XD, EV 104.4 MPH) Erik Beezley scores
|
|
Batting: SHB Curtis DeLille
|
0-0: Ball 1-0: Swinging Strike Passed Ball! Gabe Almazan scores 1-1: Foul Ball, location: 2F 1-2: Ball 2-2: Foul Ball, location: 2F 2-2: Fly out, F9 (Flyball, 9LM, EV 93.8 MPH)
|
|
Batting: RHB Tony Madrigal
|
0-0: Ball 1-0: Called Strike 1-1: Ball 2-1: Ball 3-1: Called Strike 3-2: Base on Balls
|
|
Batting: RHB Scott Skoglund
|
0-0: Swinging Strike 0-1: Ball Wild Pitch! Tony Madrigal to second 1-1: Ball 2-1: Called Strike 2-2: Strikes out swinging
|
| Top of the 5th over - 2 runs, 1 hit, 0 errors, 1 left on base; Auburn 13 - Hillsboro 5 |
| BOTTOM OF THE 5TH |
|
Hillsboro Hops batting - Pitching for Auburn Doubledays : LHP Leo Gutierrez
|
|
Batting: RHB Antonio Luisa
|
0-0: Ball 1-0: Ball 2-0: Called Strike 2-1: Swinging Strike 2-2: Ball 3-2: SINGLE (Groundball, 34D, EV 105.0 MPH)
|
|
Batting: LHB Ivan Cortez
|
0-0: Ball 1-0: Foul Ball, location: 2F 1-1: Foul Ball, location: 2F 1-2: Ball 2-2: 2-RUN HOME RUN (Line Drive, 9D, EV 108.8 MPH), Distance : 422 ft
|
|
Batting: RHB Trevor Corey
|
0-0: Ball 1-0: Ball 2-0: Foul Ball, location: 2F 2-1: Swinging Strike 2-2: Foul Ball, location: 2F 2-2: Strikes out swinging
|
|
Batting: RHB Brandon Joshua
|
0-0: Foul Ball, location: 2F 0-1: Ball 1-1: Foul Ball, location: 2F 1-2: Foul Ball, location: 2F 1-2: Ground out U3 (Groundball, 23, EV 88.1 MPH)
|
|
Batting: LHB Soo-yeon Kym
|
0-0: Ball 1-0: Foul Ball, location: 2F 1-1: Ball 2-1: Swinging Strike 2-2: Ball 3-2: Ground out 6-3 (Groundball, 6, EV 83.1 MPH)
|
| Bottom of the 5th over - 2 runs, 2 hits, 0 errors, 0 left on base; Auburn 13 - Hillsboro 7 |
| TOP OF THE 6TH |
|
Auburn Doubledays batting - Pitching for Hillsboro Hops : RHP Rory Bornt
|
|
Batting: LHB Adam Jacobs
|
0-0: Called Strike 0-1: Swinging Strike 0-2: Foul Ball, location: 2F 0-2: Foul Ball, location: 2F 0-2: Ball 1-2: Ball 2-2: Strikes out swinging
|
|
Pitching: RHP Alan Muth
|
|
|
Batting: RHB Bobby Bricker
|
0-0: Ball 1-0: Ball 2-0: Foul Ball, location: 2F 2-1: Called Strike 2-2: Strikes out looking
|
|
Batting: SHB Gabe Fraunfelder
|
0-0: Called Strike 0-1: Ball 1-1: Ball 2-1: Ground out U3 (Groundball, 34, EV 87.5 MPH)
|
| Top of the 6th over - 0 runs, 0 hits, 0 errors, 0 left on base; Auburn 13 - Hillsboro 7 |
| BOTTOM OF THE 6TH |
|
Hillsboro Hops batting - Pitching for Auburn Doubledays : LHP Leo Gutierrez
|
|
Pitching: LHP Gregg Huddleston
|
|
|
Batting: RHB Wen-hua Lei
|
0-0: Called Strike 0-1: Ball 1-1: Ball 2-1: Called Strike 2-2: Ground out 1-3 (Groundball, P, EV 64.4 MPH)
|
|
Batting: RHB Ian Sousa
|
0-0: Ball 1-0: SINGLE (Groundball, 34S, EV 83.1 MPH) (infield hit)
|
|
Batting: RHB Josh Burrows
|
0-0: Called Strike 0-1: Called Strike 0-2: Strikes out swinging
|
|
Batting: RHB Jeremy Adams
|
0-0: Ball 1-0: Ball 2-0: Ball 3-0: Called Strike 3-1: Ground out 1-3 (Groundball, 34S, EV 69.4 MPH)
|
| Bottom of the 6th over - 0 runs, 1 hit, 0 errors, 1 left on base; Auburn 13 - Hillsboro 7 |
| TOP OF THE 7TH |
|
Auburn Doubledays batting - Pitching for Hillsboro Hops : RHP Alan Muth
|
|
Batting: LHB Erik Beezley
|
0-0: Ball 1-0: Ball 2-0: Ball 3-0: Base on Balls
|
|
Batting: RHB Justin Slifka
|
0-0: Foul Ball, location: 2F 0-1: Ball 1-1: Swinging Strike 1-2: Ball 2-2: Foul Ball, location: 2F 2-2: Strikes out swinging
|
|
Pitching: RHP Ronnie DeAngelo
|
|
|
Batting: RHB Gabe Almazan
|
0-0: Ball 1-0: Ball 2-0: Called Strike 2-1: 2-RUN HOME RUN (Flyball, 7LD, EV 98.8 MPH), Distance : 365 ft
|
|
Batting: SHB Curtis DeLille
|
0-0: Called Strike 0-1: Swinging Strike 0-2: Ball 1-2: Strikes out swinging
|
|
Batting: RHB Tony Madrigal
|
0-0: Hit by Pitch
|
|
Batting: RHB Scott Skoglund
|
0-0: Ball 1-0: Foul Ball, location: 2F 1-1: Foul Ball, location: 2F 1-2: Strikes out swinging
|
| Top of the 7th over - 2 runs, 1 hit, 0 errors, 1 left on base; Auburn 15 - Hillsboro 7 |
| BOTTOM OF THE 7TH |
|
Hillsboro Hops batting - Pitching for Auburn Doubledays : LHP Gregg Huddleston
|
|
Batting: RHB Antonio Luisa
|
0-0: Called Strike 0-1: Foul Ball, location: 2F 0-2: Ball 1-2: Strikes out swinging
|
|
Batting: LHB Ivan Cortez
|
0-0: Ball 1-0: Foul Ball, location: 2F 1-1: Ball 2-1: Swinging Strike 2-2: Strikes out swinging
|
|
Batting: RHB Trevor Corey
|
0-0: Ball 1-0: SINGLE (Flyball, 89S, EV 91.9 MPH)
|
|
Batting: RHB Brandon Joshua
|
0-0: Ball 1-0: Called Strike 1-1: Swinging Strike 1-2: Strikes out swinging
|
| Bottom of the 7th over - 0 runs, 1 hit, 0 errors, 1 left on base; Auburn 15 - Hillsboro 7 |
| TOP OF THE 8TH |
|
Auburn Doubledays batting - Pitching for Hillsboro Hops : RHP Ronnie DeAngelo
|
|
Batting: LHB Adam Jacobs
|
0-0: Swinging Strike 0-1: Ball 1-1: Ball 2-1: Ball 3-1: Foul Ball, location: 2F 3-2: Foul Ball, location: 2F 3-2: Base on Balls
|
|
Batting: RHB Bobby Bricker
|
0-0: Called Strike 0-1: Called Strike 0-2: Ball 1-2: Ball 2-2: Strikes out looking
|
|
Batting: SHB Gabe Fraunfelder
|
0-0: Ball 1-0: Called Strike 1-1: Foul Ball, location: 2F 1-2: Foul Ball, location: 2F 1-2: Strikes out swinging
|
|
Batting: LHB Erik Beezley
|
0-0: Called Strike 0-1: Called Strike 0-2: Foul Ball, location: 2F 0-2: Strikes out swinging
|
| Top of the 8th over - 0 runs, 0 hits, 0 errors, 1 left on base; Auburn 15 - Hillsboro 7 |
| BOTTOM OF THE 8TH |
|
Hillsboro Hops batting - Pitching for Auburn Doubledays : LHP Gregg Huddleston
|
|
Batting: LHB Soo-yeon Kym
|
0-0: Called Strike 0-1: Ball 1-1: Foul Ball, location: 2F 1-2: Ball 2-2: Ball 3-2: Ground out 4-3 (Groundball, 4, EV 93.1 MPH)
|
|
Pitching: LHP Mike Bigos
|
|
|
Batting: RHB Wen-hua Lei
|
0-0: Called Strike 0-1: Ball 1-1: Swinging Strike 1-2: Foul Ball, location: 2F 1-2: Foul Ball, location: 2F 1-2: Strikes out looking
|
|
Batting: RHB Ian Sousa
|
0-0: Called Strike 0-1: Swinging Strike 0-2: Foul Ball, location: 2F 0-2: Strikes out looking
|
| Bottom of the 8th over - 0 runs, 0 hits, 0 errors, 0 left on base; Auburn 15 - Hillsboro 7 |
| TOP OF THE 9TH |
|
Auburn Doubledays batting - Pitching for Hillsboro Hops : RHP Ronnie DeAngelo
|
|
Batting: RHB Justin Slifka
|
0-0: Ball 1-0: Ball 2-0: Ball 3-0: Called Strike 3-1: Called Strike 3-2: Base on Balls
|
|
Pitching: RHP Josh Mott
|
|
|
Batting: RHB Gabe Almazan
|
0-0: Ball 1-0: Called Strike 1-1: SINGLE (Groundball, 4MD, EV 105.6 MPH) Justin Slifka to second
|
|
Batting: SHB Curtis DeLille
|
0-0: Fly out, F2 (Popup, 2L, EV 95.0 MPH)
|
|
Batting: RHB Tony Madrigal
|
0-0: Foul Ball, location: 2F 0-1: Foul Ball, location: 2F 0-2: Ball 1-2: Foul Ball, location: 2F 1-2: Strikes out swinging
|
|
Batting: RHB Scott Skoglund
|
0-0: Called Strike 0-1: Ball 1-1: Ball 2-1: Foul Ball, location: 2F 2-2: Ball 3-2: Strikes out looking
|
| Top of the 9th over - 0 runs, 1 hit, 0 errors, 2 left on base; Auburn 15 - Hillsboro 7 |
| BOTTOM OF THE 9TH |
|
Hillsboro Hops batting - Pitching for Auburn Doubledays : LHP Mike Bigos
|
|
Batting: RHB Josh Burrows
|
0-0: Foul Ball, location: 2F 0-1: Called Strike 0-2: Foul Ball, location: 2F 0-2: Hit by Pitch
|
|
Batting: RHB Jeremy Adams
|
0-0: Called Strike 0-1: Fly out, F4 (Popup, 4M, EV 58.1 MPH)
|
|
Batting: RHB Antonio Luisa
|
0-0: Foul Ball, location: 2F 0-1: SINGLE (Line Drive, 89S, EV 98.8 MPH) Josh Burrows to second
|
|
Batting: LHB Ivan Cortez
|
0-0: Ball 1-0: Ball 2-0: Foul Ball, location: 2F 2-1: Ball 3-1: SINGLE (Groundball, 5S, EV 73.1 MPH) (infield hit) Josh Burrows to third Antonio Luisa to second
|
|
Batting: RHB Trevor Corey
|
0-0: Swinging Strike 0-1: Ball 1-1: Swinging Strike 1-2: Grounds into double play, 5-4-3 (Groundball, 56, EV 85.0 MPH)
|
| Bottom of the 9th over - 0 runs, 2 hits, 0 errors, 2 left on base; Auburn 15 - Hillsboro 7 |
|